AoeStats
← Nico

Arabia

510158412Analyzed
1v1 RM · 16h ago on Sep 29, 2026· 38m 22s· 2 players
Game mode
Random Map
Map size
Tiny (2 player)
Population
200
Speed
Normal
Resources
Standard
Victory
Conquest
Starting age
Dark Age
Ending age
Imperial Age
RankedLock teamsTeams togetherTeam positionsShared explorationLock speedFull tech treeHidden civsTurbo modeCheats
Victory
Defeat
🇪🇸 Gurjaras · Spain
596
+18
🇩🇪 Cumans · Germany
643
-18
atxerua
3:50 Loom
11:33 Feudal Age
12:00 Double-Bit Axe
11:58 Horse Collar
12:47 Gold Mining
15:19 Stone Mining
17:26 Wheelbarrow
17:27 Bloodlines
18:09 Forging
21:03 Castle Age
20:54 Fletching
21:10 Scale Barding Armor
21:50 Heavy Plow
22:04 Bow Saw
22:37 Stone Shaft Mining
23:24 Husbandry
24:16 Bodkin Arrow
24:04 Treadmill Crane
25:25 Murder Holes
27:14 Hand Cart
27:45 Fervor
28:11 Town Watch
33:56 Imperial Age
33:37 Scale Mail Armor
34:13 Iron Casting
34:00 Chain Barding Armor
34:44 Bracer
35:07 Ballistics
35:58 Crop Rotation
37:15 Chain Mail Armor
37:07 Siege Elephant
Nico
2:30 Loom
12:30 Feudal Age
14:25 Wheelbarrow
13:42 Double-Bit Axe
15:22 Man-at-Arms
18:29 Forging
19:03 Horse Collar
19:16 Gold Mining
22:47 Scale Mail Armor
24:50 Scale Barding Armor
26:09 Bloodlines
28:17 Castle Age
26:45 Fletching
29:27 Pikeman
30:46 Iron Casting
30:07 Long Swordsman
31:34 Hand Cart
31:27 Heavy Plow
32:02 Chain Barding Armor
32:00 Chain Mail Armor
31:38 Capped Ram
34:00 Steppe Husbandry
34:32 Light Cavalry
36:55 Bodkin Arrow
Connection lost

Rejoining the realm…

Still unreachable

The connection could not be restored.

Session expired

The server has moved on; the page needs a fresh start.